 Dungeon Crawl Stone Soup version 0.29.1-15-g9cfb28693d (webtiles) character file.

Game seed: 13464481373195115210

31 Heoruswealwe the Shooter (level 2, 0/24 HPs)
             Began as a Demigod Hunter on Mar 30, 2023.
             Succumbed to an adder's poison
             ... on level 2 of the Dungeon.
             The game lasted 00:10:49 (1277 turns).

Heoruswealwe the Shooter (Demigod Hunter)           Turns: 1277, Time: 00:10:50

Health: 0/24       AC:  4    Str: 12    XL:     2   Next: 90%
Magic:  4/4        EV: 12    Int: 11    God:
Gold:   16         SH:  0    Dex: 17    Spells: 1/1 levels left

rFire   . . .      SeeInvis .   a - +0 shortbow
rCold   . . .      Faith    .   (shield currently unavailable)
rNeg    . . .      Spirit   .   c - +0 leather armour
rPois   .          Reflect  .   i - +0 helmet
rElec   .          Harm     .   (no cloak)
rCorr   .          Rampage  .   (no gloves)
Will    .....                   (no boots)
Stlth   ++........              (no amulet)
HPRegen 0.08/turn               (no ring)
MPRegen 0.09/turn               (no ring)

@: lethally poisoned (0 -> -17)
A: high MP 1, forlorn, divine attributes
a: no special abilities


You were on level 2 of the Dungeon.
You visited 1 branch of the dungeon, and saw 2 of its levels.

You collected 16 gold pieces.

Inventory:

Hand Weapons
 a - a +0 shortbow (weapon)
Armour
 c - a +0 leather armour (worn)
 i - a +0 helmet (worn)
Scrolls
 b - a scroll of immolation
 d - a scroll of vulnerability {unknown}
 f - a scroll of identify {unknown}
 h - a scroll of magic mapping {unknown}
 j - a scroll of amnesia {unknown}
 k - a scroll of brand weapon {unknown}
Potions
 e - a potion of lignification {unknown}
 g - a potion of might {unknown}


   Skills:
 + Level 2.2 Fighting
 + Level 3.8 Ranged Weapons
 + Level 2.2 Dodging
 + Level 1.6 Stealth


You had one spell level left.
You didn't know any spells.
Your spell library was empty.

Dungeon Overview and Level Annotations

Branches:
Dungeon (2/15)


Innate Abilities, Weirdness & Mutations

You have an increased reservoir of magic. (+10% MP)
You shall have no god before yourself.
Your divine heritage dramatically boosts your attributes as you level up.


Message History

An adder comes into view.
The goblin misses you.
You shoot an arrow. The arrow closely misses the goblin.
The goblin hits you but does no damage.
You shoot an arrow.
The arrow hits the goblin but does no damage.
The goblin hits you with a +0 club.
You shoot an arrow. The arrow closely misses the adder.
The hobgoblin barely misses you. The goblin hits you with a +0 club.
The adder bites you. The goblin barely misses you.
The hobgoblin barely misses you.
You shoot an arrow. The arrow closely misses the adder.
The adder barely misses you. The adder bites you.
You are poisoned.
The adder poisons you! The goblin hits you but does no damage.
The hobgoblin barely misses you.
You shoot an arrow. The arrow closely misses the adder.
You feel sick. The adder bites you.
You are lethally poisoned!
The adder poisons you! The hobgoblin closely misses you. The goblin misses you.
The adder barely misses you.
You are too injured to fight recklessly!
You are too injured to fight recklessly!
Fire: a) +0 shortbow
Press: ? - help, Q - select action Shift-Dir - straight line, f/p - adder
Aim: an adder (44% to hit)
You shoot an arrow.
The arrow hits the adder but does no damage.
You feel very sick. The hobgoblin barely misses you. The adder bites you.
The goblin misses you. The hobgoblin closely misses you.
The goblin closely misses you. The adder bites you.
* * * LOW HITPOINT WARNING * * *
You are more poisoned.
The adder poisons you!
Fire: a) +0 shortbow
Press: ? - help, Q - select action Shift-Dir - straight line, f/p - adder
Aim: an adder (44% to hit)
You shoot an arrow. The arrow barely misses the adder.
You die...

.. #######.#
#.......#
#.......#
#.......#
#.......###.
#...........
#..g@.......
......Sg.......
####........###
#........#
............
..#........###
...#........###
.. .#..###..#.
#... ....


You could see an adder, a hobgoblin and a goblin.

Vanquished Creatures
  2 dart slugs (D:1)
  3 ball pythons (D:1)
  2 bats (D:1)
  5 endoplasms (D:1)
  2 goblins (D:1)
  A hobgoblin (D:1)
  2 jackals (D:1)
  2 kobolds (D:1)
  2 frilled lizards (D:1)
  4 rats (D:1)
25 creatures vanquished.

Vanquished Creatures (others)
  4 fungi (D:1)
  31 plants (D:1)
35 creatures vanquished.

Grand Total: 60 creatures vanquished

Notes
Turn   | Place    | Note
-------+----------+-------------------------------------------
     0 | D:1      | Heoruswealwe the Demigod Hunter began the quest for the
                  | Orb.
     0 | D:1      | Reached XP level 1. HP: 17/17 MP: 3/3
   112 | D:1      | Reached skill level 1 in Stealth
   298 | D:1      | Reached XP level 2. HP: 24/24 MP: 4/4
  1251 | D:1      | You fall into a shaft and drop 1 floor!
  1277 | D:2      | Succumbed to an adder's poison

Illustrated notes

Levels and vault maps discovered:
D:1:      dpeg_arrival_connections, layout_basic,
          dreamdust_ecumenical_altar_grove, serial_bayou_pond_c
D:2:      layout_basic, serial_shops, nicolae_shop_hallway_plus

Skill      XL: |  1 |
---------------+----+-----
Stealth        | 1 |  1.6
Fighting       | 2 |  2.2
Dodging        | 2 |  2.2
Ranged Weapons | |  3.8

Action                   || total
-------------------------++-------
Melee: Unarmed           ||   168
 Fire: Shortbow          ||    68
Armor: Leather armour    ||     7
Dodge: Dodged            ||    25
